 Dungeon Crawl Stone Soup version 0.29-a0-994-gc5c9f59d18 (webtiles) character file.

Game seed: 4985789570955980442

7270 Nato the Thaumaturge (level 10, -1/91 HPs)
             Began as a Demigod Ice Elementalist on Aug 3, 2022.
             Killed from afar by Erica (28 damage)
             ... with a lance of force
             ... on level 9 of the Dungeon.
             The game lasted 00:32:48 (14076 turns).

Nato the Thaumaturge (Demigod Ice Elementalist)    Turns: 14076, Time: 00:32:48

Health: -1/91      AC:  6    Str:  6    XL:     10   Next: 58%
Magic:  28/28      EV: 16    Int: 29    God:
Gold:   503        SH:  0    Dex: 14    Spells: 22/29 levels left

rFire   + . .      SeeInvis .   B - +6 dire flail (protect)
rCold   + . .      Faith    .   (shield currently unavailable)
rNeg    . . .      Spirit   .   P - +2 robe {Will+}
rPois   .          Reflect  .   M - +0 helmet
rElec   +          Harm     .   (no cloak)
rCorr   .          Rampage  .   H - +0 pair of gloves
Will    ++...                   (no boots)
Stlth   ++........              (no amulet)
HPRegen 0.25/turn               p - ring of Ismus {rElec rC+ EV+4 Str-3}
MPRegen 0.21/turn               y - ring of protection from fire

@: slowed, very slow
A: high MP 1, forlorn, divine attributes
a: no special abilities


You were on level 9 of the Dungeon.
You visited 1 branch of the dungeon, and saw 10 of its levels.

You collected 503 gold pieces.

Inventory:

Hand Weapons
 B - a +6 dire flail of protection (weapon)
Armour
 H - a +0 pair of gloves (worn)
 M - a +0 helmet (worn)
 P - a +2 robe of willpower (worn)
Jewellery
 p - the ring of Ismus (left hand) {rElec rC+ EV+4 Str-3}
   (You found it on level 3 of the Dungeon)

   [ring of evasion]

   EV:        It affects your evasion (+4).
   Str:       It affects your strength (-3).
   rC:        It protects you from cold.
   rElec:     It insulates you from electricity.
 y - a ring of protection from fire (right hand)
 F - the amulet of Fyleoxel {Acrobat *Slow Str+5}
   (You found it on level 6 of the Dungeon)

   [amulet of the acrobat]

   It increases your evasion while moving and waiting.
   Str:       It affects your strength (+5).
   *Slow:     It may slow you when you take damage.
 L - a ring of wizardry
Wands
 k - a wand of charming (13)
 q - a wand of mindburst (13)
 u - a wand of digging (1)
 x - a wand of polymorph (6)
 A - a wand of flame (38)
 I - a wand of quicksilver (7)
 N - a wand of roots (3)
Scrolls
 e - 3 scrolls of noise {unknown}
 g - 2 scrolls of identify
 j - 3 scrolls of enchant armour
 m - 2 scrolls of teleportation {unknown}
 n - a scroll of immolation {unknown}
 o - 2 scrolls of fog
 r - a scroll of poison {unknown}
 s - a scroll of blinking {unknown}
 w - a scroll of enchant weapon {unknown}
 z - 3 scrolls of silence {unknown}
 C - a scroll of brand weapon {unknown}
 E - a scroll of acquirement {unknown}
 G - a scroll of magic mapping {unknown}
 J - a scroll of torment {unknown}
 K - a scroll of summoning {unknown}
 O - a scroll of amnesia {unknown}
Potions
 b - 3 potions of magic
 c - 3 potions of lignification {unknown}
 f - 3 potions of curing
 h - 4 potions of attraction {unknown}
 l - a potion of haste {unknown}
 t - 2 potions of ambrosia {unknown}
 v - 3 potions of flight {unknown}
 D - 2 potions of resistance {unknown}


   Skills:
 + Level 9.5 Fighting
 - Level 1.7 Dodging
 - Level 1.7 Stealth
 - Level 10.0 Spellcasting
 - Level 7.0 Ice Magic


You had 22 spell levels left.
You knew the following spells:

 Your Spells              Type           Power      Damage    Failure   Level
a - Freeze                Ice            100%       1d11      1%          1
b - Frozen Ramparts       Ice            100%       1d18      1%          3
c - Ozocubu's Armour      Ice            53%        N/A       1%          3

Your spell library contained the following spells:

 Spells                   Type           Power      Damage    Failure   Level
 Ensorcelled Hibernation  Hex/Ice        68%        N/A       1%          2
 Passwall                 Tmut/Erth      11%        N/A       5%          2
 Hailstorm                Conj/Ice       34%        3d9       9%          4
 Portal Projectile        Hex/Tloc       28%        N/A       11%         3
 Swiftness                Air            14%        N/A       11%         3
 Tukima's Dance           Hex            14%        N/A       11%         3
 Freezing Cloud           Conj/Ice/Air   14%        6-21      38%         5
 Blade Hands              Tmut           7%         N/A       71%         5
 Simulacrum               Ice/Necr       17%        N/A       80%         6
 Polar Vortex             Ice            26%        N/A       100%        9


Dungeon Overview and Level Annotations

Branches:
Dungeon (10/15)            Temple (0/1) D:6             Orc (0/2) D:9
   Lair: D:8-11

Annotations:
D:9 Erica, Gastronok


Innate Abilities, Weirdness & Mutations

You have an increased reservoir of magic. (+10% MP)
You shall have no god before yourself.
Your divine heritage dramatically boosts your attributes as you level up.


Message History

You feel sick. Something hits you.
You miss something.
You feel very sick. Something hits you!
* * * LOW HITPOINT WARNING * * *
Something burns you.
* * * LOW HITPOINT WARNING * * *
You feel much better.
You feel sick. Something hits you.
Aiming: Mindburst
Press: ? - help, Shift-Dir - straight line Nothing appears to happen.
You feel sick. Something hits you.
Aiming: Fastroot
Press: ? - help, Shift-Dir - straight line The roots erupt in riotous growth!
You feel sick.
You hear some strange, mumbled words.
You feel yourself slow down.
You feel sick. Something hits you but does no damage.
You feel sick.
You are no longer poisoned.
Something hits you.
* * * LOW HITPOINT WARNING * * *
Something hits you.
* * * LOW HITPOINT WARNING * * *
Something hits you!
* * * LOW HITPOINT WARNING * * *
Something burns you.
* * * LOW HITPOINT WARNING * * *
You feel much better. Something hits you!
* * * LOW HITPOINT WARNING * * *
As you read the scroll of fog, it crumbles to dust.
The scroll dissolves into smoke.
Casting: Ozocubu's Armour (safe; 1% risk of failure)
Confirm with . or Enter, or press ? or * to list all spells.
Casting: Frozen Ramparts (safe; 1% risk of failure)
Press: ? - help, Dir - look around, f - activate
There is a cloud of grey smoke here.
Okay, then.
Erica points at you and mumbles some strange words.
The lance of force hits you!!
You die...

##.##...........#
#.##.#.##..##.###
..................
.#.##.#.##..#..###
...##.####..#....#
#####.####..#..#.#
.................#
.#.##.####.....###########.
.#.##..........§@§@§§......
.#.##.####.....####§#.####.
.#.##.####.....#...§§...# .#
.#......##.....#........# #.#
.#).....##.....#........######.#
.............................#.#
##....([.......####.#.######.#.#
#.....##.......####.#.######.#.#
#.....##...................#.#.##


You could see Erica.

Vanquished Creatures
  Amaemon (D:9)
  Pikel (D:5)
  Psyche (D:9)
  An unseen horror zombie (D:8)
  An orange demon (D:9)
  Prince Ribbit (D:5)
  Grinder (D:6)
  2 shadows (D:9)
  A wyvern (D:9)
  A wraith (D:10)
  Eustachio (D:4)
  Menkaure (D:4)
  Edmund (D:5)
  4 water moccasins
  Duvessa (D:4)
  2 orc warriors (D:8)
  An ice beast (D:5)
  2 sky beasts
  2 black bears
  An ogre (D:7)
  3 centaurs
  2 lemures (D:5)
  2 phantoms
  2 kobold brigands
  2 wyvern zombies (D:8)
  4 bullfrogs
  A gnoll sergeant (D:6)
  2 necrophages
  4 scorpions
  A wight (D:8)
  Dowan (D:4)
  A troll zombie (D:9)
  5 killer bees (D:10)
  3 howler monkeys
  A centaur zombie (D:8)
  A jelly (D:5)
  3 orc priests
  6 hounds
  A human zombie (D:8)
  5 iguanas
  4 orc wizards
  2 killer bee zombies (D:8)
  7 ogre zombies (D:9)
  2 mummies (D:8)
  A howler monkey zombie (D:8)
  9 adders
  8 gnolls
  2 white imps
  3 ufetubi
  4 worms
  A dart slug (D:1)
  24 orcs
  10 ball pythons
  9 endoplasms
  4 giant cockroaches
  13 goblins
  11 hobgoblins
  8 jackals
  15 kobolds
  A quokka (D:1)
  7 bats
  5 frilled lizards
  A goblin skeleton (D:9)
  5 goblin zombies (D:9)
  3 hobgoblin zombies (D:9)
  3 orc skeletons (D:9)
  11 orc zombies (D:9)
  8 rats
258 creatures vanquished.

Vanquished Creatures (others)
  21 plants (D:3)
21 creatures vanquished.

Grand Total: 279 creatures vanquished

Notes
Turn   | Place    | Note
-------+----------+-------------------------------------------
     0 | D:1      | Nato the Demigod Ice Elementalist began the quest for the
                  | Orb.
     0 | D:1      | Reached XP level 1. HP: 14/14 MP: 5/5
   191 | D:1      | Reached skill level 2 in Spellcasting
   567 | D:1      | Reached XP level 2. HP: 16/20 MP: 5/8
   835 | D:2      | Reached skill level 3 in Spellcasting
  1295 | D:2      | Reached XP level 3. HP: 19/26 MP: 7/10
  1399 | D:2      | Learned a level 3 spell: Frozen Ramparts
  1403 | D:2      | Learned a level 3 spell: Ozocubu's Armour
  2283 | D:1      | Reached XP level 4. HP: 33/33 MP: 9/12
  2396 | D:1      | Reached skill level 4 in Spellcasting
  2793 | D:3      | Reached XP level 5. HP: 38/38 MP: 7/14
  3810 | D:3      | Reached skill level 5 in Ice Magic
  3929 | D:3      | Identified the ring of Ismus {rElec rC+ EV+4 Str-3}
  4306 | D:4      | Noticed Menkaure
  4675 | D:4      | Noticed Eustachio
  4738 | D:4      | Noticed a centaur
  4746 | D:4      | Killed a centaur
  4747 | D:4      | Reached XP level 6. HP: 35/45 MP: 6/15
  5315 | D:4      | Killed Menkaure
  5567 | D:4      | Killed Eustachio
  5568 | D:4      | Reached XP level 7. HP: 50/50 MP: 8/17
  5688 | D:4      | Noticed Dowan
  5783 | D:5      | Entered Level 5 of the Dungeon
  5803 | D:5      | Noticed Prince Ribbit
  5816 | D:5      | Killed Prince Ribbit
  5817 | D:5      | Reached skill level 5 in Spellcasting
  6057 | D:5      | Reached skill level 6 in Spellcasting
  6123 | D:5      | Reached XP level 8. HP: 52/57 MP: 7/21
  6282 | D:5      | Reached skill level 7 in Spellcasting
  6340 | D:5      | Noticed Edmund
  6350 | D:5      | Killed Edmund
  6741 | D:5      | Noticed Pikel
  6763 | D:5      | Killed Pikel
  6764 | D:5      | Reached skill level 8 in Spellcasting
  7108 | D:6      | Noticed Grinder
  7117 | D:6      | Paralysed by Grinder for 4 turns
  7162 | D:6      | Paralysed by Grinder for 2 turns
  7167 | D:6      | Killed Grinder
  7168 | D:6      | Reached skill level 9 in Spellcasting
  7168 | D:6      | Reached XP level 9. HP: 22/62 MP: 7/26
  7486 | D:6      | Found a staircase to the Ecumenical Temple.
  8313 | D:6      | Identified the amulet of Fyleoxel {Acrobat *Slow Str+5}
  8941 | D:4      | Killed Dowan
  8944 | D:4      | Noticed Duvessa
  8948 | D:4      | Killed Duvessa
  8949 | D:4      | Reached skill level 10 in Spellcasting
  9406 | D:7      | Reached skill level 1 in Fighting
 10927 | D:8      | Reached skill level 5 in Fighting
 11335 | D:8      | You fall into a shaft and drop 2 floors!
 11335 | D:10     | Entered Level 10 of the Dungeon
 11455 | D:10     | Reached XP level 10. HP: 79/83 MP: 21/28
 11665 | D:9      | Noticed Amaemon
 11680 | D:9      | Killed Amaemon
 12250 | D:9      | Noticed Gastronok
 13547 | D:9      | Found a staircase to the Orcish Mines.
 13840 | D:9      | Noticed Psyche
 13853 | D:9      | Killed Psyche
 14031 | D:9      | Noticed Erica
 14076 | D:9      | Killed from afar by Erica

Illustrated notes

Levels and vault maps discovered:
D:1:      dpeg_cavernosity, layout_rooms, ebering_ecumenical_altar_mist
D:2:      layout_basic
D:3:      minmay_octagon_keep, layout_basic, nicolae_ashenzari_skybound,
          mainiacjoe_overflow_paths, minmay_misc_feat_doors,
          serial_bayou_lagoon_a, interstate_on_off, grunt_ministairs_6,
          cheibrodos_gnoll_hut
D:4:      layout_basic, roderic_lattice_a, grunt_ministairs_6, uniq_menkaure,
          uniq_eustachio, uniq_duvessa
D:5:      layout_basic, lemuel_doored_altar, uniq_edmund, uniq_pikel,
          uniq_prince_ribbit1
D:6:      layout_gridville, zin_academy, minmay_temple_entry_stoned_glass,
          uniq_grinder
D:7:      layout_basic, minivault_23, minmay_misc_feat_enclosed
D:8:      layout_basic, lemuel_mausoleum_altar_kikubaaqudgha
D:9:      layout_basic, mainiacjoe_overflow_alcove_1, zombieorc2_lemuel,
          uniq_gastronok, uniq_psyche, uniq_amaemon, uniq_erica
D:10:     layout_roguey, erik_lair_orcish_takeover

Skill      XL: |  1  2  3  4  5  6  7  8  9 10 |
---------------+-------------------------------+-----
Spellcasting   | 2 3 4 6 9 10 | 10.0
Ice Magic      | 4 5 7 |  7.0
Fighting       | 6 9 |  9.5
Dodging        | |  1.7
Stealth        | |  1.7

Action                   |  1- 3 |  4- 6 |  7- 9 | 10-12 || total
-------------------------+-------+-------+-------+-------++-------
Melee: Unarmed           |    13 |     5 |     1 |       ||    19
       Dire flail        |       |       |    99 |   145 ||   244
 Cast: Freeze            |    59 |    46 |    71 |     5 ||   181
       Frozen Ramparts   |     5 |    22 |    45 |    23 ||    95
       Ozocubu's Armour  |       |     6 |    20 |    14 ||    40
Evoke: Wand              |       |     1 |     5 |     4 ||    10
  Use: Potion            |       |       |       |     5 ||     5
       Scroll            |       |       |       |     3 ||     3
 Stab: Sleeping          |       |       |     3 |       ||     3
Armor: Robe              |    28 |    13 |    56 |    62 ||   159
Dodge: Dodged            |    47 |    42 |   171 |   112 ||   372

Table legend: (Time is in decaauts)
 A = Elapsed time spent in this place.
 B = Non-inter-level travel time spent in this place.
 C = Inter-level travel time spent in this place.
 D = Time resting spent in this place.
 E = Time spent auto-exploring this place.
 F = Levels seen in this place.
 G = Mean time per level.
                   A        B        C        D        E       F      G
               +--------+--------+--------+--------+--------+-----+--------+
         Total |  14170 |  13165 |   1005 |   2236 |   8821 |  10 | 1417.0 |
       Dungeon |  14170 |  13165 |   1005 |   2236 |   8821 |  10 | 1417.0 |
               +--------+--------+--------+--------+--------+-----+--------+

Top non-repeatable levels by time:
     D:4: 1964 daAuts
     D:3: 1882 daAuts
     D:9: 1863 daAuts
     D:6: 1657 daAuts
     D:8: 1411 daAuts
     D:2: 1388 daAuts
     D:7: 1282 daAuts
     D:1: 1259 daAuts
     D:5: 1230 daAuts
    D:10: 229 daAuts
